General information
			
			
        
        - name: BNet
 
        - type: Ladder 1vs1/FFA
 
        - host: Battle.net
 
        - saver: hiarah
 
        
map: TerenasStand 
        - players: 2
 
        - length: 19:23
 
        - speed: Fast
 - version: 1.22 W3XP
 - replay type:  Public
 
» download(68 KB)
Players
        team 1 (loser) 
              
              
Japa[cK] (
red | 97 APM | 1879 actions | 19:21)
              
 3 Blademaster 
 2 Wind Walk
 1 Critical Strike
 3 Tauren Chieftain 
 2 Shockwave
 1 Endurance Aura
 
                » actions 
                
                | Assign group hotkey | 26 |  | 
| Basic commands | 107 |  | 
| Build / train | 65 |  | 
| Enter build submenu | 16 |  | 
| Enter hero's abilities submenu | 6 |  | 
| Give item / drop item | 4 |  | 
| Right click | 1102 |  | 
| Select / deselect | 304 |  | 
| Select group hotkey | 174 |  | 
| Use ability | 75 |  | 
                1879 total
 » units 
                
                | Peon | 7 |  | 
| Grunt | 11 |  | 
| Raider | 7 |  | 
| Spirit Walker | 4 |  | 
| Tauren | 2 |  | 
| Demolisher | 2 |  | 
                33 total
 » upgrades
                
                | Ensnare | 1 |  | 
| Berserker Strength | 1 |  | 
| Spirit Walker Training | 1 |  | 
| Spiked Barricades | 1 |  | 
                4 total
 » buildings
                
                | Altar of Storms | 1 |  | 
| Orc Burrow | 4 |  | 
| Voodoo Lounge | 1 |  | 
| Barracks | 1 |  | 
| Stronghold | 1 |  | 
| Beastiary | 1 |  | 
| Fortress | 1 |  | 
| Spirit Lodge | 2 |  | 
| War Mill | 1 |  | 
| Great Hall | 1 |  | 
| Watch Tower | 2 |  | 
| Tauren Totem | 1 |  | 
                17 total
 » build order
                00:08 Altar of Storms
00:12 Orc Burrow
00:33 Voodoo Lounge
01:21 Barracks
01:48 Orc Burrow
03:37 Stronghold
04:42 Orc Burrow
06:30 Beastiary
07:02 Orc Burrow
09:24 Fortress
09:32 Spirit Lodge
09:35 Spirit Lodge
11:15 War Mill
12:23 Great Hall
12:33 Watch Tower
13:58 Watch Tower
15:37 Tauren Totem
» items
                
                | Lesser Clarity Potion | 7 |  | 
| Healing Salve | 5 |  | 
| Potion of Healing | 5 |  | 
| Potion of Mana | 1 |  | 
                18 total
  
               team 2 (winner) 
              
              
» 
hiarah (
purple | 79 APM | 1527 actions | 19:23)
              
 5 Demon Hunter 
 3 Mana Burn
 2 Evasion
 3 Keeper of the Grove 
 2 Entangling Roots
 1 Thorns Aura
 
                » actions 
                
                | Assign group hotkey | 103 |  | 
| Basic commands | 51 |  | 
| Build / train | 80 |  | 
| ESC pressed | 2 |  | 
| Enter build submenu | 14 |  | 
| Enter hero's abilities submenu | 8 |  | 
| Give item / drop item | 3 |  | 
| Right click | 503 |  | 
| Select / deselect | 371 |  | 
| Select group hotkey | 302 |  | 
| Use ability | 89 |  | 
                1527 total
 » units 
                
                | Wisp | 18 |  | 
| Archer | 12 |  | 
| Druid of the Talon | 12 |  | 
| Huntress | 9 |  | 
| Glaive Thrower | 1 |  | 
| Chimaera | 1 |  | 
                53 total
 » upgrades
                
                | Improved Bows | 1 |  | 
| Strength of the Moon | 1 |  | 
| Reinforced Hides | 1 |  | 
| Druid of the Talon Training | 2 |  | 
| Strength of the Wild | 2 |  | 
| Ultravision | 1 |  | 
| Well Spring | 1 |  | 
                9 total
 » buildings
                
                | Altar of Elders | 1 |  | 
| Moon Well | 6 |  | 
| Ancient of War | 1 |  | 
| Tree of Ages | 1 |  | 
| Ancient of Wind | 1 |  | 
| Hunter's Hall | 1 |  | 
| Ancient of Wonders | 1 |  | 
| Tree of Eternity | 1 |  | 
| Tree of Life | 1 |  | 
| Chimaera Roost | 1 |  | 
                15 total
 » build order
                00:06 Altar of Elders
00:17 Moon Well
00:37 Ancient of War
01:32 Moon Well
03:52 Tree of Ages
05:44 Moon Well
06:25 Ancient of Wind
06:41 Hunter's Hall
07:55 Moon Well
09:40 Ancient of Wonders
10:36 Tree of Eternity
12:03 Tree of Life
12:24 Moon Well
17:10 Moon Well
17:28 Chimaera Roost
» items
                
                | Boots of Speed | 1 |  | 
| Dust of Appearance | 1 |  | 
| Scroll of Healing | 1 |  | 
| Moonstone | 1 |  | 
| Staff of Preservation | 1 |  | 
| Potion of Healing | 1 |  | 
                6 total
  
                Chat log
          
(09:28 / All) hiarah: i am a terrible player
(09:43 / All) Japa[cK]: don't say that
(09:49 / All) Japa[cK]: i'm awful =p
(19:21 / All) Japa[cK]: gg